AoeStats
← [GG] Shevchenko 7

Arena

505671015Analyzed
1v1 RM · 23d ago on Sep 10, 2026· 37m 13s· 2 players
Game mode
Random Map
Map size
Tiny (2 player)
Population
200
Speed
Normal
Resources
Standard
Victory
Conquest
Starting age
Dark Age
Ending age
Imperial Age
RankedLock teamsTeams togetherTeam positionsShared explorationLock speedFull tech treeHidden civsTurbo modeCheats
Victory
Defeat
🇦🇷 Bohemians · Argentina
1159
+16
🇧🇷 Portuguese · Brazil
1168
-16
SURFISTA PENSADOR
10:33 Feudal Age
14:41 Castle Age
12:59 Double-Bit Axe
13:15 Loom
22:12 Fervor
28:54 Imperial Age
26:58 Sanctity
27:38 Fletching
29:43 Redemption
35:01 Chemistry
35:22 Masonry
37:06 Pikeman
[GG] Shevchenko 7
10:37 Feudal Age
9:53 Loom
14:47 Castle Age
27:42 Redemption
33:40 Imperial Age
33:06 Forging
35:29 Chemistry
Connection lost

Rejoining the realm…

Still unreachable

The connection could not be restored.

Session expired

The server has moved on; the page needs a fresh start.